AoeStats
← XezkitoDelFlow

Arena

510414524Analyzed
1v1 RM · 1d ago on Sep 30, 2026· 30m 27s· 2 players
Game mode
Random Map
Map size
Tiny (2 player)
Population
200
Speed
Normal
Resources
Standard
Victory
Conquest
Starting age
Dark Age
Ending age
Imperial Age
RankedLock teamsTeams togetherTeam positionsShared explorationLock speedFull tech treeHidden civsTurbo modeCheats
Victory
Defeat
🇨🇱 Bulgarians · Chile
632
+16
🇪🇸 Bohemians · Spain
641
-16
XezkitoDelFlow
1:27 Loom
12:06 Feudal Age
13:46 Double-Bit Axe
13:43 Horse Collar
16:09 Wheelbarrow
18:45 Arson
22:21 Castle Age
22:27 Forging
22:18 Scale Mail Armor
23:17 Squires
23:03 Gambesons
24:59 Chain Mail Armor
25:48 Iron Casting
jokerkarmo
12:15 Feudal Age
12:51 Double-Bit Axe
13:44 Horse Collar
15:02 Wheelbarrow
23:18 Castle Age
21:23 Scale Mail Armor
21:24 Padded Archer Armor
21:54 Forging
21:35 Fletching
22:29 Scale Barding Armor
22:31 Man-at-Arms
23:39 Long Swordsman
24:35 Husbandry
25:08 Hand Cart
26:19 Sanctity
26:59 Hand Cart
28:38 Bow Saw
30:15 Fervor
Connection lost

Rejoining the realm…

Still unreachable

The connection could not be restored.

Session expired

The server has moved on; the page needs a fresh start.